 Dungeon Crawl Stone Soup version bcrawl-1.38.1 (webtiles) character file.

Game seed: 14444216239275419394

169480 Alturiack the Charmwright (level 7, 0/40 HPs)
             Began as an Avariel Skald on Apr 9, 2023.
             Slain by Prince Ribbit (14 damage)
             ... on level 5 of the Dungeon.
             The game lasted 00:26:57 (4923 turns).

Alturiack the Charmwright (Avariel Skald)           Turns: 4923, Time: 00:26:58

Health: 0/40       AC:  5    Str:  9    XL:     7   Next: 47%
Magic:  14/16      EV: 13    Int: 19    God:
Gold:   344        SH:  5    Dex: 14    Spells: 15/16 levels left

rFire    . . .     GDR:     27% a - +0 long sword
rCold    . . .     SeeInvis .   (no shield)
rNeg     . . .     Gourm    .   b - +0 leather armour
rPois    .         Faith    .   (no helmet)
rElec    .         Spirit   .   z - +0 cloak
rCorr    .         Reflect  +   q - +0 pair of gloves
MR       +....                  (no boots)
Stlth    +.........             j - +4 amulet of reflection
HPRegen  0.16/turn              y - ring of protection from magic
MPRegen  0.15/turn              (no ring)

@: infused
A: no striking features
a: no special abilities


You were on level 5 of the Dungeon.
You were not hungry.

You visited 1 branch of the dungeon, and saw 5 of its levels.

You collected 344 gold pieces.

Inventory:

Hand Weapons
 a - a +0 long sword (weapon)
 A - the +4 whip of the Heart {venom, MR- Int+5, unknown}
   (You found it on level 4 of the Dungeon)

   It poisons the flesh of those it strikes.
   It affects your intelligence (+5).
   It affects your resistance to hostile enchantments.
Missiles
 u - 2 throwing nets {=f}
Armour
 b - a +0 leather armour (worn)
 q - a +0 pair of gloves (worn)
 z - a +0 cloak (worn)
Jewellery
 d - an uncursed amulet of magic regeneration
 j - a +4 amulet of reflection (around neck)
 y - a ring of protection from magic (left hand)
Wands
 x - a wand of flame (21)
Scrolls
 f - 2 scrolls of fear
 h - 5 scrolls of remove curse
 i - 2 scrolls of identify
 l - 3 scrolls of teleportation
 n - a scroll of fog {unknown}
 o - 2 scrolls of noise {unknown}
 r - 2 scrolls of enchant weapon {unknown}
 t - a scroll of immolation {unknown}
Potions
 c - 2 potions of flight {unknown}
 g - 2 potions of curing {unknown}
 k - 2 potions of haste {unknown}
 m - 5 potions of degeneration {unknown}
 p - a potion of resistance {unknown}
 s - a potion of brilliance {unknown}
 v - a potion of cancellation {unknown}
 w - 2 potions of ambrosia {unknown}
 B - a potion of mutation {unknown}
Comestibles
 e - a ration {!d}


   Skills:
 + Level 2.9 Fighting
 * Level 4.4 Long Blades
 - Level 1.1 Armour
 * Level 4.6 Dodging
 * Level 5.2 Spellcasting
 * Level 5.6 Charms


You had 15 spell levels left.
You knew the following spells:

 Your Spells              Type           Power        Failure   Level  Hunger
a - Infusion              Chrm           ####....     1%          1    None

Your spell library contained the following spells:

 Spells                   Type           Power        Failure   Level  Hunger
 Song of Slaying          Chrm           ####....     2%          2    None
 Swiftness                Chrm/Air       ###.....     8%          2    None
 Ozocubu's Armour         Chrm/Ice       ###.....     16%         3    ###....
 Regeneration             Chrm/Necr      ###.......   16%         3    ###....
 Spectral Weapon          Hex/Chrm       ###.....     16%         3    ###....


Dungeon Overview and Level Annotations

Branches:
Dungeon (5/12)
 Temple: D:4-7

Altars:
Hepliaklqana
Makhleb
The Shining One

Annotations:
D:4 1 runed door
D:5 Prince Ribbit


Message History

Your magical infusion is running out.
Prince Ribbit catches a blue-tailed skink with his tongue.
You are no longer magically infusing your attacks.
Prince Ribbit blinks!
You are feeling hungry.
Prince Ribbit hits you but does no damage.
You hit Prince Ribbit but do no damage.
Prince Ribbit is heavily wounded.
Prince Ribbit blinks!
You eat one of the 2 rations {!d}.
That ration really hit the spot!
Prince Ribbit catches a mouse with his tongue.
Casting: Infusion (safe; 1% risk of failure)
Confirm with . or Enter, or press ? or * to list all spells.
You begin infusing your attacks with magical energy.
Prince Ribbit barely misses you.
You barely miss Prince Ribbit.
Prince Ribbit is heavily wounded.
Prince Ribbit blinks!
Prince Ribbit hits you!
You die...

#. #. ###########
#. #....F.ยง..#
...###.##.#######.#
.......F...<..# #.#
.########.###.# #.#
#.###.# #.#
#.##..###.#
#.....F@..#
####.###### ##.#.#
####....# +.......#
####....# ##.#.#
###.# #)#


You could see Prince Ribbit.

Vanquished Creatures
  A phantom (D:3)
  A sky beast (D:4)
  2 ogres
  A crimson imp (D:4)
  A bullfrog zombie (D:3)
  An iguana (D:5)
  7 adders
  3 oozes
  An adder skeleton (D:5)
  3 worms
  A dart slug (D:1)
  6 leopard geckos
  4 orcs
  5 giant cockroaches
  8 goblins
  10 hobgoblins
  3 jackals (D:2)
  2 quokkas
  2 ball pythons
  4 bats
  4 frilled lizards
  10 kobolds
  10 rats
90 creatures vanquished.

Notes
Turn   | Place    | Note
-------+----------+-------------------------------------------
     0 | D:1      | Alturiack the Avariel Skald began the quest for the Orb.
     0 | D:1      | Reached XP level 1. HP: 12/12 MP: 6/6
   147 | D:1      | Identified the cursed ring "Ruzxil" {Slay+2 Stlth--}
   154 | D:1      | Reached XP level 2. HP: 17/17 MP: 4/7
   524 | D:1      | Reached XP level 3. HP: 21/21 MP: 6/9
  1367 | D:2      | Found a burning altar of Makhleb.
  1675 | D:2      | Reached XP level 4. HP: 26/26 MP: 8/11
  2394 | D:3      | Reached XP level 5. HP: 11/30 MP: 7/12
  2791 | D:3      | Noticed a phantom
  2962 | D:3      | Killed a phantom
  2963 | D:3      | Reached XP level 6. HP: 23/36 MP: 5/14
  3533 | D:4      | Reached skill level 5 in Charms
  3676 | D:4      | Found a glowing golden altar of the Shining One.
  3676 | D:4      | Noticed an angel
  4129 | D:4      | Got a crude whip
  4358 | D:4      | Found a runed door.
  4535 | D:4      | Noticed a sky beast
  4544 | D:4      | Killed a sky beast
  4545 | D:4      | Reached XP level 7. HP: 32/40 MP: 12/16
  4572 | D:4      | Found a hazy altar of Hepliaklqana.
  4698 | D:5      | Entered Level 5 of the Dungeon
  4807 | D:5      | Reached skill level 5 in Spellcasting
  4884 | D:5      | Noticed Prince Ribbit
  4923 | D:5      | Slain by Prince Ribbit

Skill      XL: |  1  2  3  4  5  6  7 |
---------------+----------------------+-----
Spellcasting   | 3 4 5 |  5.2
Fighting       | 2 |  2.9
Charms         | 4 5 |  5.6
Dodging        | 3 4 |  4.6
Long Blades    | 3 4 |  4.4
Armour         | |  1.1

Action                   |  1- 3 |  4- 6 |  7- 9 || total
-------------------------+-------+-------+-------++-------
Melee: Long sword        |   131 |   158 |    24 ||   313
 Cast: Infusion          |    20 |    27 |     4 ||    51
  Use: Scroll            |       |     3 |     1 ||     4
 Stab: Sleeping          |       |     1 |       ||     1
  Eat: Chunk             |     3 |     2 |       ||     5
       Ration            |     1 |     4 |     1 ||     6
Armor: Leather armour    |    39 |    30 |     4 ||    73
Dodge: Dodged            |    86 |    91 |    12 ||   189
Block: Other             |       |    29 |     2 ||    31
